 Dungeon Crawl Stone Soup version bcrawl-1.40.3b (webtiles) character file.

Game seed: 13813399551519211342

166957 PlayerOfArmor the Skirmisher (level 5, -2/48 HPs)
             Began as a Hill Orc Fighter on Mar 20, 2024.
             Was a Priest of Zin.
             Slain by a wraith (6 damage)
             ... in an ossuary.
             The game lasted 00:03:53 (2253 turns).

PlayerOfArmor the Skirmisher (Hill Orc Fighter)     Turns: 2253, Time: 00:03:53

Health: -2/48      AC:  6    Str: 25    XL:     5   Next: 62%
Magic:  14/14      EV:  5    Int:  8    God:    Zin [***...]
Gold:   214        SH:  9    Dex: 10    Spells: 4/4 levels left

rFire    . . .     GDR:     25% a - +0 war axe
rCold    + . .     SeeInvis .   c - +0 medium shield
rNeg     . . .     Gourm    .   b - +0 scale mail
rPois    .         Faith    .   (no helmet)
rElec    .         Spirit   .   (no cloak)
rCorr    .         Reflect  .   (no gloves)
MR       .....                  (no boots)
Stlth    ..........             g - amulet of regeneration
HPRegen  0.60/turn              l - ring of protection from cold (curse)
MPRegen  0.14/turn              k - ring of magical power

@: mighty, slowed, very slow
A: no striking features
a: Recite, Vitalisation, Manna, Donate Gold, Renounce Religion


You were in an ossuary.
You worshipped Zin.
Zin was most pleased with you.
You were hungry.

You visited 1 branch of the dungeon, and saw 4 of its levels.
You also visited: Ossuary.

You collected 237 gold pieces.
You donated 23 gold pieces to Zin.

Inventory:

Hand Weapons
 a - a +0 war axe (weapon)
Armour
 b - a +0 scale mail (worn)
 c - a +0 medium shield (worn)
Jewellery
 g - an amulet of regeneration (around neck)
 j - an uncursed ring of insulation
 k - a ring of magical power (right hand)
 l - a cursed ring of protection from cold (left hand)
 u - an uncursed ring of flight {unknown}
Scrolls
 f - 2 scrolls of fear {unknown}
 h - 5 scrolls of remove curse {unknown}
 i - 5 scrolls of identify
 m - 3 scrolls of teleportation {unknown}
 p - 2 scrolls of revelation {unknown}
 s - 2 scrolls of amnesia {unknown}
 w - a scroll of silence {unknown}
Potions
 d - a potion of might
 r - a potion of berserk rage {unknown}
 v - a potion of flight {unknown}
Comestibles
 e - 5 rations {!d}
 t - 4 chunks of flesh


   Skills:
 + Level 5.4 Fighting
   Level 5.4 Short Blades
   Level 5.4 Long Blades
   Level 5.4 Axes
   Level 5.4 Maces & Flails
   Level 5.4 Polearms
   Level 5.4 Staves
 - Level 3.2 Armour
 - Level 3.2 Shields
   Level 5.4 Unarmed Combat


You had 4 spell levels left.
You didn't know any spells.
Your spell library was empty.

Dungeon Overview and Level Annotations

Branches:
Dungeon (4/12)
 Temple: D:4-7

Altars:
Dithmenos
Zin

Shops:
D:4 }

Annotations:
D:3 3 runed translucent doors, spaghetti100's ghost, amateur OgFi


Message History

* * * LOW HITPOINT WARNING * * *
Okay, then.
It was a potion of mutation.
You feel extremely strange.
Zin protects your body from mutation! x2
Zin forgives your inadvertent chaotic act, just this once.
The wraith hits you.
* * * LOW HITPOINT WARNING * * *
It was a potion of heal wounds.
You feel much better. The wraith hits you.
The wraith hits you but does no damage.
Your shield and scale mail prevent you from hitting the wraith.
The wraith is moderately damaged.
The wraith hits you!
* * * LOW HITPOINT WARNING * * *
The wraith drains your vigour!
You feel as though you will be slow longer.
The wraith hits you!
* * * LOW HITPOINT WARNING * * *
Okay, then.
The wraith hits you.
You die...

####+ #..... ##....
#.....##...#####.
#....##...##...##
#....#..@##.??!.# .
#....+...W.!!?!!. ..
#....#...##.!...# ...
#....##...##...##...#
#.....##...#####...#
#......##.........# .
#.......#####'#####..
#.∩..................
#....................


You could see a wraith.

Vanquished Creatures
  A worker ant (D:4)
  A mummy (Ossuary)
  4 adders
  2 oozes
  3 worms
  A dart slug (D:1)
  5 leopard geckos
  An orc (D:3)
  7 bats
  2 giant cockroaches
  6 goblins
  9 hobgoblins
  11 jackals
  A quokka (D:2)
  2 ball pythons
  A frilled lizard (D:3)
  5 gnoll skeletons (Ossuary)
  10 kobolds
  3 kobold skeletons (Ossuary)
  9 orc skeletons (Ossuary)
  6 rats
90 creatures vanquished.

Notes
Turn   | Place    | Note
-------+----------+-------------------------------------------
     0 | D:1      | PlayerOfArmor the Hill Orc Fighter began the quest for the
                  | Orb.
     0 | D:1      | Reached XP level 1. HP: 19/19 MP: 1/1
   131 | D:1      | Reached XP level 2. HP: 26/26 MP: 2/2
   228 | D:1      | Got a clouded diamond amulet
   251 | D:1      | Reached XP level 3. HP: 22/33 MP: 3/3
   259 | D:1      | Identified the amulet of Serendipity {Inacc Str+2} (You
                  | found it on level 1 of the Dungeon)
   412 | D:1      | Reached skill level 4 in Fighting
   914 | D:2      | Reached XP level 4. HP: 29/41 MP: 4/4
  1396 | D:3      | Found a runed translucent gate.
  1396 | D:3      | Found a runed translucent gate.
  1400 | D:3      | Found a glowing silver altar of Zin.
  1406 | D:3      | Became a worshipper of Zin the Law-Giver
  1406 | D:3      | Reached * piety under Zin
  1472 | D:3      | Noticed spaghetti100's ghost (amateur OgFi)
  1496 | D:3      | Found a runed translucent gate.
  1679 | D:3      | Reached ** piety under Zin
  1680 | D:3      | Found a shadowy altar of Dithmenos.
  1828 | D:3      | Reached skill level 5 in Fighting
  1828 | D:3      | Reached XP level 5. HP: 13/48 MP: 5/5
  2084 | D:4      | Found Ziskix's Gadget Shoppe.
  2134 | D:4      | Found a sand-covered staircase.
  2155 | Ossuary  | Entered an ossuary
  2155 | Ossuary  | Noticed a wraith
  2155 | Ossuary  | Noticed a wraith
  2155 | Ossuary  | Noticed a wraith
  2214 | Ossuary  | Reached *** piety under Zin
  2238 | Ossuary  | Noticed a wraith
  2253 | Ossuary  | Slain by a wraith

Skill      XL: |  1  2  3  4 |
---------------+-------------+-----
Fighting       | 4 5 |  5.4
Short Blades   | |  5.4
Long Blades    | |  5.4
Axes           | |  5.4
Maces & Flails | |  5.4
Polearms       | |  5.4
Staves         | |  5.4
Armour         | |  3.2
Shields        | |  3.2
Unarmed Combat | |  5.4

Action                   |  1- 3 |  4- 6 || total
-------------------------+-------+-------++-------
Melee: War axe           |   109 |   146 ||   255
Invok: Recite            |       |     3 ||     3
  Use: Potion            |       |     4 ||     4
  Eat: Chunk             |     4 |     9 ||    13
Armor: Scale mail        |    72 |    75 ||   147
Dodge: Dodged            |    29 |    40 ||    69
Block: Medium shield     |    72 |    91 ||   163
